 Dungeon Crawl Stone Soup version 0.27-a0-1177-g245c70e1c0 (webtiles) character file.

Game seed: 1918603349809841570

392 polve the Ruffian (level 6, 0/47 HPs)
             Began as a Demonspawn Abyssal Knight on May 16, 2021.
             Was a Believer of Lugonu.
             Succumbed to Ijyb's poison
             ... on level 4 of the Dungeon.
             The game lasted 00:05:05 (4689 turns).

polve the Ruffian (Demonspawn Abyssal Knight)       Turns: 4689, Time: 00:05:06

Health: 0/47       AC: 12    Str: 14    XL:     6   Next: 51%
Magic:  7/7        EV: 15    Int: 13    God:    Lugonu [**....]
Gold:   181        SH:  0    Dex: 13    Spells: 5/5 levels left

rFire    . . .     SeeInvis .   a - +2 dagger (elec)
rCold    . . .     Faith    .   (no shield)
rNeg     . . .     Spirit   .   C - +0 leather armour
rPois    .         Reflect  .   (no helmet)
rElec    .         Harm     .   (no cloak)
rCorr    .         Rampage  .   (no gloves)
Will     .....                  (no boots)
Stlth    +.........             (no amulet)
HPRegen  0.15/turn              h - +4 ring of evasion
MPRegen  0.10/turn              (no ring)

@: lethally poisoned (0 -> -1), sanguine armoured
A: claws 1, sanguine armour 2
a: Renounce Religion, Depart the Abyss, Bend Space


You were on level 4 of the Dungeon.
You worshipped Lugonu.
Lugonu was pleased with you.
You visited 1 branch of the dungeon, and saw 4 of its levels.
You visited the Abyss 1 time.

You collected 181 gold pieces.

Inventory:

Hand Weapons
 a - a +2 dagger of electrocution (weapon)
 b - a +2 dagger of venom
Armour
 f - a scarf of harm
 m - a +0 pair of gloves
 p - a +0 cloak
 C - a +0 leather armour (worn)
Jewellery
 h - a +4 ring of evasion (left claw)
Wands
 j - a wand of flame (10)
 l - a wand of paralysis (7)
Scrolls
 c - a scroll of enchant weapon {unknown}
 d - 2 scrolls of magic mapping {unknown}
 e - a scroll of teleportation {unknown}
 g - a scroll of enchant armour {unknown}
 i - a scroll of holy word {unknown}
 k - a scroll of noise {unknown}
 n - a scroll of silence {unknown}
 o - a scroll of summoning {unknown}
 q - a scroll of brand weapon {unknown}


   Skills:
 - Level 3.0 Fighting
 + Level 2.6 Short Blades
 - Level 1.7 Armour
 - Level 0.8 Dodging
 - Level 5.6 Unarmed Combat
 - Level 2.4 Invocations


You had 5 spell levels left.
You didn't know any spells.
Your spell library contained the following spells:

 Spells                   Type           Power      Damage    Failure   Level
 Animate Skeleton         Necr           0%         N/A       36%         1
 Pain                     Necr           0%         1d4       36%         1
 Vampiric Draining        Necr           0%         2d6       75%         3
 Animate Dead             Necr           0%         N/A       98%         4
 Agony                    Necr           0%         N/A       100%        5


Dungeon Overview and Level Annotations

Branches:
Dungeon (4/15)
 Temple: D:4-7

Altars:
Qazlal
Vehumet
Xom

Shops:
D:1 [

Annotations:
D:4 1 runed translucent door, Crazy Yiuf, Eustachio, Ijyb


Innate Abilities, Weirdness & Mutations

You have sharp fingernails.
When seriously injured, your bleeding wounds create thick armour. (AC +9)


Message History

You are poisoned.
You hit Ijyb but do no damage.
Ijyb is severely wounded.
You feel very sick.
Eustachio casts a spell.
Eustachio blinks!
You closely miss Ijyb.
Ijyb is severely wounded.
You feel sick.
Ijyb hits you with a +2 dagger of venom.
You are lethally poisoned!
You hit Ijyb but do no damage.
Ijyb is severely wounded.
* * * LOW HITPOINT WARNING * * *
You feel very sick.
Ijyb zaps a wand.
Some rock shatters into small pieces.
You closely miss Ijyb.
Ijyb is severely wounded.
* * * LOW HITPOINT WARNING * * *
You feel very sick.
You aren't carrying any potions.
* * * LOW HITPOINT WARNING * * *
You feel very sick.
Ijyb zaps a wand.
Some rock shatters into small pieces.
* * * LOW HITPOINT WARNING * * *
You feel sick.
* * * LOW HITPOINT WARNING * * *
You feel sick.
* * * LOW HITPOINT WARNING * * *
You feel sick.
* * * LOW HITPOINT WARNING * * *
You feel sick.
You aren't carrying any potions.
* * * LOW HITPOINT WARNING * * *
You feel sick.
* * * LOW HITPOINT WARNING * * *
You feel sick.
You hear a zap.
Some rock shatters into small pieces.
You die...

## ############.####
####.......#.......#
#.......##.#..####.########
#.##.##.##.#.#####.##.....#
#.##..#..r.gr...##.##.....#
#.##..>.##.#g##..........>#
.#.##..#g#g.#..####.##.....#
#..##..ggg..#...@...##.....#
#.....g.#.#####.######..###
#..#..@b##. ##.# #.## #.#.)...#
#. #.# #.# #.##....# #. #.# #.#
#.###...# #. #.##.#
#...^...######.#################
######..........................
######....#..#.[#..#..#..#..#..#


You could see Ijyb and a goblin.

Vanquished Creatures
  Blork the orc (D:4)
  2 orc priests (D:3)
  2 hounds (D:4)
  3 orc wizards (D:3)
  A gnoll (D:4)
  6 adders
  2 adder skeletons (D:4)
  A worm (D:3)
  2 dart slugs (D:1)
  8 orcs
  6 bats
  An endoplasm (D:3)
  6 giant cockroaches
  2 goblins
  6 jackals
  3 ball pythons
  A frilled lizard (D:1)
  11 kobolds
  3 rats
67 creatures vanquished.

Notes
Turn   | Place    | Note
-------+----------+-------------------------------------------
     0 | Abyss:1  | polve the Demonspawn Abyssal Knight began the quest for the
                  | Orb.
     0 | Abyss:1  | Reached XP level 1. HP: 18/18 MP: 2/2
    37 | Abyss:1  | Noticed an apocalypse crab
    37 | Abyss:1  | Noticed a raiju
    38 | D:1      | Escaped the Abyss
   322 | D:1      | Found Capnoliahu's Armour Shoppe.
   396 | D:1      | Reached * piety under Lugonu
   398 | D:1      | Gained mutation: You have sharp fingernails. [demonic
                  | ancestry]
   398 | D:1      | Reached XP level 2. HP: 18/24 MP: 3/3
   614 | D:1      | Found a faded altar of an unknown god.
  1277 | D:2      | Reached skill level 1 in Unarmed Combat
  1293 | D:2      | HP: 1/24 [kobold/+0 short sword (5)]
  1583 | D:2      | You fall into a shaft and drop 1 floor!
  1594 | D:3      | Gained mutation: When seriously injured, your bleeding
                  | wounds create armour. (AC +9) [demonic ancestry]
  1594 | D:3      | Reached XP level 3. HP: 7/29 MP: 4/4
  2420 | D:2      | Reached skill level 2 in Unarmed Combat
  2852 | D:3      | Gained mutation: When seriously injured, your bleeding
                  | wounds create thick armour. (AC +9) [demonic ancestry]
  2852 | D:3      | Reached XP level 4. HP: 31/35 MP: 5/5
  2909 | D:3      | Reached ** piety under Lugonu
  3102 | D:3      | Reached skill level 3 in Unarmed Combat
  3114 | D:3      | Reached XP level 5. HP: 10/41 MP: 6/6
  3126 | D:3      | Reached skill level 4 in Unarmed Combat
  3984 | D:4      | Found a shimmering altar of Xom.
  4079 | D:4      | Noticed Blork the orc
  4086 | D:4      | Killed Blork the orc
  4087 | D:4      | Reached skill level 5 in Unarmed Combat
  4087 | D:4      | Reached XP level 6. HP: 36/47 MP: 7/7
  4253 | D:4      | Found a runed translucent door.
  4254 | D:4      | Noticed Crazy Yiuf
  4368 | D:4      | Found a radiant altar of Vehumet.
  4383 | D:4      | Found a stormy altar of Qazlal.
  4640 | D:4      | Noticed Eustachio
  4642 | D:4      | Noticed Ijyb
  4687 | D:4      | HP: 2/47 [poisoned by Ijyb]
  4689 | D:4      | Succumbed to Ijyb's poison

Illustrated notes

Levels and vault maps discovered:
D:1:      minmay_arrival_four_circles, layout_basic,
          shapermc_ecumenical_altar_totnotflames, serial_shops, shop,
          minmay_misc_feat_rows, minmay_tall_x
D:2:      layout_basic, minmay_worlds_worst_comb
D:3:      layout_loops_ring
D:4:      kennysheep_the_goblin_king, layout_loops_cross, fedhas_altar_2,
          nicolae_vehumet_altar_sigil, lemuel_doored_altar,
          grunt_qazlal_sundering, columned_hall_lemuel, cheibrodos_gnoll_hut,
          uniq_crazy_yiuf_cottage, uniq_eustachio, uniq_blork_the_orc

Skill      XL: |  1  2  3  4  5 |
---------------+----------------+-----
Short Blades   | 2 |  2.6
Unarmed Combat | 1 2 3 5 |  5.6
Fighting       | |  3.0
Armour         | |  1.7
Dodging        | |  0.8
Invocations    | |  2.4

Action                   |  1- 3 |  4- 6 || total
-------------------------+-------+-------++-------
Melee: Short sword       |   150 |       ||   150
       Punch             |     1 |     1 ||     2
       Unarmed           |       |    21 ||    21
       Dagger            |       |   118 ||   118
Invok: Depart the Abyss  |     1 |       ||     1
  Use: Potion            |       |     3 ||     3
Armor: Leather armour    |    59 |    27 ||    86
Dodge: Dodged            |   105 |    93 ||   198

Table legend: (Time is in decaauts)
 A = Elapsed time spent in this place.
 B = Non-inter-level travel time spent in this place.
 C = Inter-level travel time spent in this place.
 D = Time resting spent in this place.
 E = Time spent auto-exploring this place.
 F = Levels seen in this place.
 G = Mean time per level.
                   A        B        C        D        E       F      G
               +--------+--------+--------+--------+--------+-----+--------+
         Total |   4663 |   4563 |    100 |      7 |   3963 |   5 |  932.6 |
       Dungeon |   4625 |   4525 |    100 |      7 |   3926 |   4 | 1156.2 |
         Abyss |     38 |     38 |      0 |      0 |     37 |   1 |   38.0 |
               +--------+--------+--------+--------+--------+-----+--------+

Top non-repeatable levels by time:
     D:3: 1660 daAuts
     D:2: 1193 daAuts
     D:1: 1015 daAuts
     D:4: 756 daAuts
 Abyss:1: 38 daAuts
